 Dungeon Sprint DCSS version 0.19.0-11-g3fc08b3 (webtiles) character file.

29561 poirepourri the Ninja (level 13, -4/63 HPs)
             Began as a Spriggan Enchanter on Nov 8, 2016.
             Was the Champion of Dithmenos.
             Slain by the 27-headed Lernaean hydra (9 damage)
             ... in the Dungeon (Sprint I: "Red Sonja").
             The game lasted 00:14:26 (4642 turns).

poirepourri the Ninja (Spriggan Enchanter)          Turns: 4642, Time: 00:14:27

Health: -4/63      AC:  8    Str:  3 (4)  XL:     13   Next: 15%
Magic:  0/35       EV: 24    Int: 17      God:    Dithmenos [******]
Gold:   2388       SH:  7    Dex: 20 (21) Spells: 5 memorised, 34 levels left

rFire  + . .     SeeInvis +     B - +3 short sword (venom)
rCold  + . .     Gourm    .     o - +0 troll leather armour
rNeg   . . .     Faith    .     f - +0 buckler
rPois  .         Spirit   +     w - +3 crown of Dyrovepreva {rElec Int+2 SInv}
rElec  +         Reflect  .     p - +0 cloak
rCorr  .         Harm     .     (gloves unavailable)
MR     ++...     NoTele   +     (boots unavailable)
Stlth  +++++++++.               v - amulet of guardian spirit
                                s - ring of stealth
                                z - ring of protection from fire (curse)

@: wreathed by umbra, very quick
A: unfitting armour, icy blue scales 1, see invisible, cold resistance 1,
deformed body, deterioration 1, dopey 1, herbivore 3, speed 3, screaming 1, slow
metabolism 2, MP-powered wands
a: Shadow Step, Shadow Form, Renounce Religion


You were in the Dungeon.
You worshipped Dithmenos.
Dithmenos was exalted by your worship.
You were full.

You visited 1 branch You collected 4040 gold pieces.
You spent 1652 gold pieces at shops.

Inventory:

Hand Weapons
 m - a +0 blowgun
 q - a +1 short sword of draining
 B - a +3 short sword of venom (weapon)
Missiles
 n - 8 curare-tipped needles
Armour
 b - a +1 robe
 f - a +0 buckler (worn)
 o - a +0 troll leather armour (worn)
 p - a +0 cloak (worn)
 w - the +3 crown of Dyrovepreva (worn) {rElec Int+2 SInv}
   (You bought it in a shop in the Dungeon)

   It affects your intelligence (+2).
   It insulates you from electricity.
   It lets you see invisible.
 E - +0 gold dragon scales
Jewellery
 h - an uncursed ring of fire
 s - a ring of stealth (right hand)
 v - an amulet of guardian spirit (around neck)
 z - a cursed ring of protection from fire (left hand)
 F - an uncursed amulet of rage
Wands
 a - a wand of paralysis (12/24)
 l - a wand of acid (8/15)
 u - a wand of iceblast (6/15)
 x - a wand of acid (4/15)
Scrolls
 j - a scroll of blinking
Potions
 e - 3 potions of curing
 g - a potion of haste
 i - 4 potions of berserk rage
 k - a potion of mutation
 r - 2 potions of heal wounds
 t - a potion of invisibility
 A - a potion of ambrosia
 C - a potion of flight
Books
 c - a book of Maledictions

   Spells                             Type                      Level
   a - Corona                         Hexes                        1
   b - Ensorcelled Hibernation        Hexes/Ice                    2
   c - Confuse                        Hexes                        3
   d - Tukima's Dance                 Hexes                        3
   e - Dazzling Spray                 Conjuration/Hexes            3
 D - a book of Annihilations

   Spells                             Type                      Level
   a - Poison Arrow                   Conjuration/Poison           6
   b - Chain Lightning                Conjuration/Air              8
   c - Lehudib's Crystal Spear        Conjuration/Earth            8
   d - Glaciate                       Conjuration/Ice              9
   e - Fire Storm                     Conjuration/Fire             9
Comestibles
 d - a bread ration


   Skills:
 - Level 4.7 Fighting
 + Level 12.9 Short Blades
 - Level 4.2 Armour
 + Level 10.9 Dodging
 O Level 27 Stealth
 + Level 2.9 Shields
 + Level 17.1 Spellcasting
 + Level 3.4 Conjurations
 + Level 18.0 Hexes
 - Level 4.0 Ice Magic
 - Level 8.9 Invocations


You had 34 spell levels left.
You knew the following spells:

 Your Spells              Type           Power        Failure   Level  Hunger
a - Corona                Hex            ######.      0%          1    None
b - Ensorcelled Hibernat  Hex/Ice        ######       1%          2    None
c - Confuse               Hex            ######..     1%          3    None
d - Tukima's Dance        Hex            ######..     1%          3    None
e - Dazzling Spray        Conj/Hex       ######       1%          3    None


Dungeon Overview and Level Annotations

Branches:
Dungeon (1/1)

Altars:
Cheibriados
Dithmenos
Elyvilon
Fedhas
Gozag
Hepliaklqana
Kikubaaqudgha
Makhleb
Nemelex Xobeh
Okawaru
Qazlal
Ru
Sif Muna
Trog
Uskayaw
Vehumet
Xom
Yredelemnul
Zin
The Shining One
Jiyva
Lugonu

Shops:
D }!(**[}(*}*[%**[%[([??

Annotations:
D Lernaean hydra, Tiamat


Innate Abilities, Weirdness & Mutations

You are very small and have problems with some larger weapons.
You are too small for most types of armour.
You have supernaturally acute eyesight. (SInv)
You are a herbivore.
You cover ground extremely quickly.
You need consume almost no food.
You are partially covered in icy blue scales. (AC +2)
Your flesh is cold resistant. (rC+)
Armour fits poorly on your strangely shaped body.
Your body sometimes deteriorates upon taking damage.
You are dopey. (Int -2)
You occasionally shout uncontrollably at your foes.
You expend magic power (3 MP) to strengthen your wands.


Message History

The 27-headed Lernaean hydra bites you but does no damage.
The 27-headed Lernaean hydra closely misses you.
The 27-headed Lernaean hydra bites you! x3
The 27-headed Lernaean hydra completely misses you.
The 27-headed Lernaean hydra bites you. The 27-headed Lernaean hydra bites you!
The 27-headed Lernaean hydra completely misses you.
The 27-headed Lernaean hydra bites you!
You block the 27-headed Lernaean hydra's attack.
The 27-headed Lernaean hydra bites you!
* * * LOW HITPOINT WARNING * * *
Your body deteriorates!
You feel weakened.
The 27-headed Lernaean hydra barely misses you.
The 27-headed Lernaean hydra bites you.
* * * LOW HITPOINT WARNING * * *
The 27-headed Lernaean hydra misses you.
The 27-headed Lernaean hydra bites you!
* * * LOW HITPOINT WARNING * * *
Your body deteriorates!
You feel clumsy. The 27-headed Lernaean hydra bites you!
You die...

###++##.##...#..≈##§§§§§§..##
##..###..#+###..≈#§§§§§§....#
###..###...#.≈..##§........)##
..#[.#.###.#.≈..#§...........#
.........#.###..#.....[†.....#
.........#.#.'..##...^......##
......####'#.##'##..........#
#...###....#.#≈≈≈##........##
#####...#### #≈≈@≈##[..(..##
%.)...### #≈≈≈D≈########
..##### ##≈≈≈≈#≈≈≈≈≈#. .##
#+≈≈≈'≈≈.≈≈§. ## ##≈≈#≈≈≈≈≈#≈
# ######+### # ≈≈≈d ####


You could see the 27-headed Lernaean hydra.

Vanquished Creatures
  A golden dragon (D)
  A shadow dragon (D)
  4 fire giants (D)
  A lorocyproca (D)
  A deep elf annihilator (D)
  A mummy priest (D)
  A hydra (D)
  2 centaur warriors (D)
  Sonja (D)
  7 unseen horrors (D)
  A deep troll (D)
  A lindwurm (D)
  8 shining eyes (D)
  2 oklob plants (D)
  A gargoyle (D)
  2 kobold demonologists (D)
  4 demonic crawlers (D)
  A hellwing (D)
  2 hornets (D)
  A slime creature (D)
  2 redbacks (D)
  A yak (D)
  Sigmund (D)
  13 hogs (D)
  7 floating eyes (D)
  7 necrophages (D)
  An ogre (D)
  8 jellies (D)
  Ijyb (D)
84 creatures vanquished.

Vanquished Creatures (others)
  2 sirens (D)
  A gargoyle (D)
  3 hornets (D)
6 creatures vanquished.

Grand Total: 90 creatures vanquished

Notes
Turn   | Place    | Note
-------+----------+-------------------------------------------
     0 | D        | poirepourri the Spriggan Enchanter began the quest for the Orb.
     0 | D        | Reached XP level 1. HP: 9/9 MP: 5/5
     1 | D        | Noticed Ijyb
    19 | D        | Killed Ijyb
    19 | D        | Reached skill level 6 in Stealth
    19 | D        | Reached skill level 5 in Hexes
    19 | D        | Reached XP level 2. HP: 10/13 MP: 5/7
   179 | D        | Learned a level 2 spell: Ensorcelled Hibernation
   179 | D        | Noticed an ogre
   182 | D        | Killed an ogre
   182 | D        | Reached skill level 5 in Dodging
   182 | D        | Reached skill level 9 in Stealth
   182 | D        | Reached XP level 3. HP: 16/16 MP: 6/10
   182 | D        | Reached XP level 4. HP: 21/21 MP: 6/11
   287 | D        | Noticed Sigmund
   290 | D        | Killed Sigmund
   290 | D        | Reached skill level 11 in Stealth
   290 | D        | Reached XP level 5. HP: 24/24 MP: 11/14
   315 | D        | Found a deep blue altar of Sif Muna.
   317 | D        | Found a radiant altar of Vehumet.
   321 | D        | Reached skill level 5 in Short Blades
   321 | D        | Reached XP level 6. HP: 28/28 MP: 16/16
   351 | D        | Learned a level 3 spell: Confuse
   355 | D        | Learned a level 3 spell: Tukima's Dance
   359 | D        | Learned a level 3 spell: Dazzling Spray
   362 | D        | Found Uvup's General Store.
   362 | D        | Found an ancient bone altar of Kikubaaqudgha.
   362 | D        | Found a hazy altar of Hepliaklqana.
   362 | D        | Found a stormy altar of Qazlal.
   362 | D        | Found a hide-covered altar of Uskayaw.
   362 | D        | Found a blossoming altar of Fedhas.
   362 | D        | Found a bloodstained altar of Trog.
   362 | D        | Found an iron altar of Okawaru.
   362 | D        | Found a basalt altar of Yredelemnul.
   362 | D        | Found a glowing golden altar of the Shining One.
   362 | D        | Found a snail-covered altar of Cheibriados.
   362 | D        | Found a sacrificial altar of Ru.
   362 | D        | Found a glowing silver altar of Zin.
   362 | D        | Found a shadowy altar of Dithmenos.
   362 | D        | Found a white marble altar of Elyvilon.
   362 | D        | Noticed a yak
   363 | D        | Found an opulent altar of Gozag.
   364 | D        | Killed a yak
   364 | D        | Reached skill level 13 in Stealth
   364 | D        | Reached skill level 10 in Hexes
   365 | D        | Found a sparkling altar of Nemelex Xobeh.
   373 | D        | Became a worshipper of Dithmenos the Shadowed
   391 | D        | Found a burning altar of Makhleb.
   391 | D        | Found a viscous altar of Jiyva.
   391 | D        | Found a shimmering altar of Xom.
   391 | D        | Found a corrupted altar of Lugonu.
   391 | D        | Noticed a slime creature
   394 | D        | Killed a slime creature
   394 | D        | Reached skill level 14 in Stealth
   394 | D        | Reached XP level 7. HP: 32/32 MP: 16/18
   452 | D        | Noticed Sonja
   457 | D        | Killed Sonja
   457 | D        | Reached skill level 1 in Fighting
   457 | D        | Reached skill level 15 in Stealth
   457 | D        | Reached XP level 8. HP: 23/37 MP: 16/21
   753 | D        | Found Cihasets's Gadget Boutique.
   784 | D        | Noticed a deep troll
   802 | D        | Killed a deep troll
   802 | D        | Reached * piety under Dithmenos
   802 | D        | Reached skill level 17 in Stealth
   802 | D        | Reached skill level 1 in Ice Magic
   935 | D        | Found Qetosch's Armour Emporium.
   939 | D        | Bought a +0 cloak for 45 gold pieces
   993 | D        | Noticed a centaur warrior
   993 | D        | Noticed a centaur warrior
   999 | D        | Killed a centaur warrior
   999 | D        | Reached skill level 18 in Stealth
   999 | D        | Reached XP level 9. HP: 41/41 MP: 16/23
  1006 | D        | Killed a centaur warrior
  1006 | D        | Reached skill level 19 in Stealth
  1006 | D        | Reached skill level 10 in Spellcasting
  1099 | D        | Reached ** piety under Dithmenos
  1132 | D        | Noticed an oklob plant
  1134 | D        | Killed an oklob plant
  1145 | D        | Reached skill level 20 in Stealth
  1145 | D        | Reached XP level 10. HP: 45/45 MP: 24/26
  1163 | D        | Noticed an unseen horror
  1164 | D        | Noticed an unseen horror
  1170 | D        | Killed an unseen horror
  1170 | D        | Reached *** piety under Dithmenos
  1172 | D        | Killed an unseen horror
  1172 | D        | Reached skill level 21 in Stealth
  1207 | D        | Reached **** piety under Dithmenos
  1251 | D        | Reached ***** piety under Dithmenos
  1342 | D        | Reached skill level 1 in Armour
  1370 | D        | Reached skill level 1 in Shields
  1510 | D        | Found Givilim's Antique Weapon Shoppe.
  1510 | D        | Found Siulev's Gadget Shop.
  1510 | D        | Found Juitowk's Assorted Antiques.
  1512 | D        | Found Assat's Gadget Emporium.
  1512 | D        | Found Valyn's Assorted Antiques.
  1512 | D        | Found Paodoski's Antique Armour Shoppe.
  1512 | D        | Found Gete's Food Boutique.
  1512 | D        | Found Souxosk's Assorted Antiques.
  1512 | D        | Found Bopom's General Store.
  1512 | D        | Found Halu's Armour Shoppe.
  1516 | D        | Bought a dented malachite amulet for 100 gold pieces
  1516 | D        | Found Pasoit's Food Boutique.
  1517 | D        | Found Gituolai's Weapon Emporium.
  1517 | D        | Found Wour's Antique Armour Boutique.
  1518 | D        | Found Laneohim's Magic Scroll Emporium.
  1526 | D        | Bought the +3 crown of Dyrovepreva {rElec Int+2 SInv} for 993 gold pieces
  1747 | D        | Killed a gargoyle
  1823 | D        | Reached skill level 22 in Stealth
  1823 | D        | Reached skill level 1 in Conjurations
  1853 | D        | Reached ****** piety under Dithmenos
  1853 | D        | Reached skill level 10 in Dodging
  2040 | D        | Noticed a gargoyle
  2052 | D        | Killed a gargoyle
  2052 | D        | Reached skill level 15 in Hexes
  2052 | D        | Reached XP level 11. HP: 43/48 MP: 11/28
  2139 | D        | Noticed a lindwurm
  2143 | D        | Killed a lindwurm
  2143 | D        | Reached skill level 10 in Short Blades
  2204 | D        | Reached skill level 23 in Stealth
  2334 | D        | Noticed a 12-headed hydra
  2339 | D        | Killed a 12-headed hydra
  2386 | D        | Noticed a deep elf annihilator
  2399 | D        | Noticed a daeva
  2402 | D        | Noticed an unseen horror
  2402 | D        | Noticed an unseen horror
  2402 | D        | Noticed an unseen horror
  2403 | D        | Noticed an unseen horror
  2405 | D        | Killed an unseen horror
  2406 | D        | Noticed an unseen horror
  2407 | D        | Killed an unseen horror
  2408 | D        | Killed an unseen horror
  2408 | D        | Reached skill level 1 in Invocations
  2410 | D        | Killed an unseen horror
  2410 | D        | Reached skill level 24 in Stealth
  2412 | D        | Killed an unseen horror
  2631 | D        | Noticed a fire giant
  2632 | D        | Noticed a fire giant
  2632 | D        | Noticed a fire giant
  2632 | D        | Noticed a fire giant
  2633 | D        | Killed a fire giant
  2633 | D        | Reached skill level 15 in Spellcasting
  2635 | D        | Killed a fire giant
  2635 | D        | Reached skill level 25 in Stealth
  2635 | D        | Reached XP level 12. HP: 55/55 MP: 22/32
  2637 | D        | Killed a fire giant
  2638 | D        | Noticed Tiamat
  2639 | D        | Killed a fire giant
  2639 | D        | Reached skill level 26 in Stealth
  2791 | D        | Paralysed by a floating eye for 4 turns
  2799 | D        | Gained mutation: Your body sometimes deteriorates upon taking damage. [a shining eye]
  2802 | D        | Gained mutation: You occasionally shout uncontrollably at your foes. [a shining eye]
  2803 | D        | Gained mutation: Your flesh is cold resistant. (rC+) [a shining eye]
  2804 | D        | Paralysed by a floating eye for 2 turns
  2806 | D        | Gained mutation: You expend magic power (3 MP) to strengthen your wands. [a shining eye]
  2806 | D        | Gained mutation: Armour fits poorly on your strangely shaped body. [a shining eye]
  2807 | D        | Reached skill level 27 in Stealth
  2808 | D        | Reached skill level 5 in Invocations
  2812 | D        | Paralysed by a floating eye for 4 turns
  2997 | D        | Found Meexzyrgh's Distillery.
  2997 | D        | Found Keaxe's Assorted Antiques.
  2997 | D        | Found Ofutaso's Weapon Emporium.
  2997 | D        | Found Bemy's Armour Boutique.
  3014 | D        | Bought a notched sapphire ring for 100 gold pieces
  3014 | D        | Bought a glowing short sword for 180 gold pieces
  3014 | D        | Bought a scroll of blinking for 150 gold pieces
  3075 | D        | Bought a potion of flight for 36 gold pieces
  3077 | D        | Bought a scroll of identify for 24 gold pieces
  3077 | D        | Bought a scroll of identify for 24 gold pieces
  3237 | D        | Noticed a shadow dragon
  3237 | D        | Noticed a golden dragon
  3239 | D        | Killed a shadow dragon
  3240 | D        | Killed a golden dragon
  3321 | D        | Found Loocito's Magic Scroll Shoppe.
  3432 | D        | Noticed a lorocyproca
  3434 | D        | Killed a lorocyproca
  3434 | D        | Reached XP level 13. HP: 62/62 MP: 29/34
  3944 | D        | Noticed a mummy priest
  4010 | D        | Gained mutation: You are partially covered in icy blue scales. (AC +2) [mutagenic glow]
  4058 | D        | Gained mutation: You are dopey. (Int -2) [mutagenic glow]
  4192 | D        | Killed a deep elf annihilator
  4295 | D        | Killed a mummy priest
  4638 | D        | Noticed the 27-headed Lernaean hydra
  4642 | D        | Slain by the 27-headed Lernaean hydra

Skill      XL: |  1  2  3  4  5  6  7  8  9 10 11 12 13 |
---------------+----------------------------------------+-----
Short Blades   | 2 3 4 5 6 7 8 9 10 12 | 12.9
Stealth        | 6 9 11 14 15 18 20 22 25 27 | 27.0
Spellcasting   | 3 4 6 7 8 9 11 12 15 16 17 | 17.1
Hexes          | 5 7 9 10 11 13 15 16 17 18 | 18.0
Dodging        | 5 6 7 8 9 10 | 10.9
Fighting       | 1 3 4 |  4.7
Ice Magic      | 2 4 |  4.0
Armour         | 2 4 |  4.2
Shields        | 1 2 |  2.9
Conjurations   | 1 2 3 |  3.4
Invocations    | 2 8 |  8.9

Action                   |  1- 3 |  4- 6 |  7- 9 | 10-12 | 13-15 || total
-------------------------+-------+-------+-------+-------+-------++-------
Melee: Dagger            |    17 |     4 |     2 |       |       ||    23
       Short sword       |       |       |     7 |   118 |    25 ||   150
 Cast: Ensorcelled Hiber |     1 |       |    13 |    32 |       ||    46
       Dazzling Spray    |       |       |       |    26 |    15 ||    41
       Confuse           |       |       |       |     8 |     2 ||    10
Invok: Shadow Step       |       |       |       |    11 |     1 ||    12
       Shadow Form       |       |       |       |     1 |       ||     1
  Use: Scroll            |       |     1 |     1 |     4 |     1 ||     7
       Potion            |       |       |     1 |     2 |     1 ||     4
 Stab: Sleeping          |     2 |     4 |     8 |    47 |       ||    61
       Confused          |       |       |       |     6 |     2 ||     8
       Invisible         |       |       |       |     5 |       ||     5
  Eat: Bread ration      |       |       |       |       |     1 ||     1
Armor: Robe              |     2 |       |       |       |       ||     2
       Troll leather arm |       |       |       |     8 |     2 ||    10
       Gold dragon scale |       |       |       |       |    13 ||    13
Dodge: Dodged            |    11 |       |    11 |    68 |    14 ||   104
Block: Buckler           |       |       |     1 |    26 |    12 ||    39
